 Dungeon Crawl Stone Soup version 0.28-a0-604-g249bb1af34 (webtiles) character file.

Game seed: 13710888253312793667

28 CurlyBrace the Sneak (level 2, -3/12 HPs)
             Began as a Felid Fire Elementalist on Oct 5, 2021.
             Was an Initiate of Sif Muna.
             Slain by a scorpion zombie (6 damage)
             ... on level 4 of the Dungeon.
             The game lasted 00:04:47 (361 turns).

CurlyBrace the Sneak (Felid Fire Elementalist)       Turns: 361, Time: 00:04:48

Health: -3/12      AC:  1    Str:  2 (4)  XL:     2   Next: 96%
Magic:  1/6        EV: 17    Int: 13 (16) God:    Sif Muna [......]
Gold:   31         SH:  0    Dex: 14 (16) Spells: 2/5 levels left
                                        Lives:  0   Deaths: 0

rFire   . . .      SeeInvis +   (weapon unavailable)
rCold   . . .      Faith    .   (shield unavailable)
rNeg    . . .      Spirit   .   (armour unavailable)
rPois   .          Reflect  .   (helmet unavailable)
rElec   .          Harm     .   (cloak unavailable)
rCorr   .          Rampage  .   (gloves unavailable)
Will    .....                   (boots unavailable)
Stlth   ++........              (no amulet)
HPRegen 0.04/turn               (no ring)
MPRegen 0.10/turn               (no ring)

@: quick
A: very small, claws 1, fangs 3, see invisible, speed 1, shaggy fur 1, stealthy
paws, no weapons or thrown items, no armour, multi-lived
a: Renounce Religion


You were on level 4 of the Dungeon.
You worshipped Sif Muna.
Sif Muna was noncommittal.
You visited 2 branches of the dungeon, and saw 5 of its levels.

You collected 31 gold pieces.

You aren't carrying anything.


   Skills:
 + Level 0.8 Fighting
 - Level 2.6 Dodging
 - Level 3.0 Stealth
 + Level 0.8 Unarmed Combat
 - Level 2.3 Spellcasting
 - Level 1.2 Conjurations
 - Level 3.0 Fire Magic


You had 2 spell levels left.
You knew the following spells:

 Your Spells              Type           Power      Damage    Failure   Level
a - Foxfire               Conj/Fire      28%        2x1d5     11%         1
b - Scorch                Fire           18%        2d6       11%         2

Your spell library contained the following spells:

 Spells                   Type           Power      Damage    Failure   Level
 Conjure Flame            Conj/Fire      7%         6-21      30%         3
 Inner Flame              Hex/Fire       5%         N/A       36%         3
 Flame Wave               Conj/Fire      7%         3d4       71%         4


Dungeon Overview and Level Annotations

Branches:
Dungeon (4/15)             Temple (1/1) D:4

Altars:
Fedhas
Makhleb
Sif Muna
Xom


Innate Abilities, Weirdness & Mutations

You have sharp claws.
You have razor-sharp teeth.
You have supernaturally acute eyesight. (SInv)
You cover ground quickly. (Speed+)
You are covered in fur. (AC +1)
Your paws help you pounce on unaware monsters.
You are incapable of wielding weapons or throwing items.
You cannot wear armour.
You gain extra lives every three experience levels.


Message History

* * * LOW HITPOINT WARNING * * *
Unknown command.
Casting: Foxfire (safe; 11% risk of failure)
Confirm with . or Enter, or press ? or * to list all spells.
You conjure some foxfire!
The foxfire hits the howler monkey zombie.
The howler monkey zombie is moderately damaged.
The foxfire hits the howler monkey zombie.
The howler monkey zombie is moderately damaged.
The howler monkey zombie closely misses you.
Unknown command.
Casting: Foxfire (safe; 11% risk of failure)
Confirm with . or Enter, or press ? or * to list all spells.
You conjure some foxfire!
The howler monkey zombie hits you but does no damage.
Unknown command.
The foxfire hits the howler monkey zombie.
The howler monkey zombie is heavily damaged.
The foxfire hits the howler monkey zombie.
The howler monkey zombie is severely damaged.
The foxfire hits the howler monkey zombie.
The howler monkey zombie is severely damaged.
The foxfire hits the howler monkey zombie.
The howler monkey zombie is almost destroyed.
There is a staircase to the Ecumenical Temple here.
Casting: Foxfire (safe; 11% risk of failure)
Confirm with . or Enter, or press ? or * to list all spells.
You conjure some foxfire!
The foxfire hits the howler monkey zombie.
You destroy the howler monkey zombie!
Sif Muna accepts your kill.
Unknown command.
The foxfire hits the scorpion zombie.
The scorpion zombie is almost destroyed.
Your magical contamination has completely faded away.
You can't go up here!
Unknown command.
The scorpion zombie hits you.
Ouch! That really hurt!
You die...

#.## #)# ####.######
..........##
...........##
............# #####
............###PPP##
.............#.Z..P#
............ZZ.Z@.P#
............##....P#
............###PPP##
.^.........## #####
....#.....##
##########


You could see an adder zombie, a hound zombie, a scorpion zombie and a howler
monkey skeleton.

Vanquished Creatures
  A howler monkey zombie (D:4)
  An orc (D:3)
  An endoplasm (D:2)
  3 goblins (D:3)
  A hobgoblin (D:1)
  4 ball pythons
  A frilled lizard (D:3)
  5 kobolds
  A rat (D:1)
18 creatures vanquished.

Vanquished Creatures (others)
  41 foxfires
  2 plants (D:4)
43 creatures vanquished.

Grand Total: 61 creatures vanquished

Notes
Turn   | Place    | Note
-------+----------+-------------------------------------------
     0 | D:1      | CurlyBrace the Felid Fire Elementalist began the quest for
                  | the Orb.
     0 | D:1      | Reached XP level 1. HP: 7/7 MP: 4/4
     1 | D:1      | Found a shimmering altar of Xom.
    70 | D:3      | Reached skill level 1 in Conjurations
   165 | D:1      | Reached XP level 2. HP: 8/11 MP: 3/6
   168 | D:1      | Learned a level 2 spell: Scorch
   291 | D:4      | Found a staircase to the Ecumenical Temple.
   298 | Temple   | Entered the Ecumenical Temple
   325 | Temple   | Became a worshipper of Sif Muna the Loreminder
   361 | D:4      | Slain by a scorpion zombie

Illustrated notes

Levels and vault maps discovered:
D:1:      sevenhm_arrival_forest_fort_small_6, layout_loops_cross,
          minmay_cut_off
D:2:      layout_loops_corners, serial_shops, shop,
          hellmonk_ecumenical_altar_arch_garden, uniq_robin, uniq_jessica
D:3:      layout_rooms
D:4:      layout_rooms, xom_redecorated, minmay_temple_entry_enclosed_plants,
          serial_undead, serial_undead_c, serial_undead_d, serial_undead_c,
          serial_undead_e, serial_undead_d
Temple:   nicolae_temple_figure_eight

Skill      XL: |  1  2 |
---------------+-------+-----
Conjurations   | 1 |  1.2
Stealth        | 3 |  3.0
Fire Magic     | 3 |  3.0
Fighting       | |  0.8
Dodging        | |  2.6
Unarmed Combat | |  0.8
Spellcasting   | |  2.3

Action                   || total
-------------------------++-------
Melee: Unarmed           ||    21
       Bite              ||     1
 Cast: Foxfire           ||    23
  Use: Scroll            ||     3
       Potion            ||     2
 Stab: Sleeping          ||     1
Armor: Skin              ||    22
Dodge: Dodged            ||    16

Table legend: (Time is in decaauts)
 A = Elapsed time spent in this place.
 B = Non-inter-level travel time spent in this place.
 C = Inter-level travel time spent in this place.
 D = Time resting spent in this place.
 E = Time spent auto-exploring this place.
 F = Levels seen in this place.
 G = Mean time per level.
                   A        B        C        D        E       F      G
               +--------+--------+--------+--------+--------+-----+--------+
         Total |    310 |    277 |     33 |      0 |      0 |   5 |   62.0 |
       Dungeon |    270 |    252 |     18 |      0 |      0 |   4 |   67.5 |
        Temple |     39 |     24 |     15 |      0 |      0 |   1 |   39.0 |
               +--------+--------+--------+--------+--------+-----+--------+

Top non-repeatable levels by time:
     D:1: 91 daAuts
     D:3: 65 daAuts
     D:2: 58 daAuts
     D:4: 53 daAuts
  Temple: 39 daAuts
